 Dungeon Crawl Stone Soup version 0.28-a0-1038-g9c4cb8273d (webtiles) character file.

Game seed: 9790571378596167165

621 ytrimaz the Insei (level 7, -1/43 HPs)
             Began as an Octopode Transmuter on Dec 8, 2021.
             Slain by an ice beast (10 damage)
             ... on level 5 of the Dungeon.
             The game lasted 00:05:15 (6011 turns).

ytrimaz the Insei (Octopode Transmuter)             Turns: 6011, Time: 00:05:15

Health: -1/43      AC:  1    Str:  6 (9)  XL:     7   Next: 46%
Magic:  8/12       EV: 14    Int: 17 (19) God:
Gold:   217        SH:  0    Dex: 15 (16) Spells: 5/13 levels left

rFire   . . .      SeeInvis .     - Unarmed
rCold   . . .      Faith    +   (no shield)
rNeg    + . .      Spirit   .   (helmet restricted)
rPois   .          Reflect  .   a - amulet of faith
rElec   +          Harm     .   h - ring of positive energy
rCorr   .          Rampage  .   g - ring "Imieg" {rElec Will+ Int+2 Dex+3}
Will    ++...      Clarity  +   (no ring)
Stlth   ++........              (no ring)
HPRegen 0.14/turn               (no ring)
MPRegen 0.13/turn               (no ring)
                                (no ring)
                                (no ring)

@: very slightly contaminated
A: almost no armour, amphibious, 8 rings, camouflage 1, gelatinous body 1,
(nimble swimmer 1), tentacles, clarity, strong-willed 1
a: no special abilities


You were on level 5 of the Dungeon.
You visited 1 branch of the dungeon, and saw 5 of its levels.

You collected 217 gold pieces.

Inventory:

Jewellery
 a - an amulet of faith (around mantle)
 g - the ring "Imieg" (right tentacle) {rElec Will+ Int+2 Dex+3}
   (You acquired it on level 3 of the Dungeon)

   [ring of willpower]

   Int:       It affects your intelligence (+2).
   Dex:       It affects your dexterity (+3).
   rElec:     It insulates you from electricity.
   Will:      It increases your willpower.
 h - a ring of positive energy (left tentacle)
Wands
 k - a wand of polymorph (12)
 l - a wand of flame (7)
 q - a wand of iceblast (12)
Scrolls
 c - 2 scrolls of teleportation
 m - a scroll of blinking
 n - a scroll of summoning
 o - a scroll of enchant weapon
Potions
 b - a potion of attraction
 i - a potion of mutation
 j - a potion of curing
 p - 2 potions of ambrosia {unknown}


   Skills:
 - Level 1.0 Fighting
 * Level 3.6 Dodging
 + Level 5.3 Unarmed Combat
 * Level 3.6 Spellcasting
 * Level 4.4 Transmutations
 + Level 0.2 Ice Magic
 + Level 1.6 Poison Magic


You had 5 spell levels left.
You knew the following spells:

 Your Spells              Type           Power      Damage    Failure   Level
a - Beastly Appendage     Tmut           36%        N/A       2%          1
b - Spider Form           Tmut/Pois      13%        N/A       14%         3
c - Ice Form              Ice/Tmut       11%        N/A       52%         4

Your spell library contained the following spells:

 Spells                   Type           Power      Damage    Failure   Level
 Wereblood                Tmut           18%        N/A       4%          2
 Apportation              Tloc           6%         N/A       16%         1
 Magic Dart               Conj           12%        1d3       16%         1
 Call Imp                 Summ           3%         N/A       24%         2
 Mephitic Cloud           Conj/Pois/Air  4%         N/A       36%         3
 Alistair's Intoxication  Tmut/Pois      8%         N/A       78%         5


Dungeon Overview and Level Annotations

Branches:
Dungeon (5/15)             Temple (0/1) D:5

Altars:
Zin

Shops:
D:3 *


Innate Abilities, Weirdness & Mutations

You cannot wear most types of armour.
You are amphibious.
You can wear up to eight rings at the same time.
Your skin changes colour to match your surroundings (Stealth+).
Your rubbery body absorbs attacks. (AC +1, EV +1)
((You are camouflaged near water. (Stealth+)))
You have tentacles for arms and can constrict up to eight enemies at once.
You possess an exceptional clarity of mind.
You are strong-willed. (Will+)


Message History

The ice beast is severely wounded.
The ice beast misses you.
Unknown command.
You hit the ice beast but do no damage.
The ice beast is severely wounded.
The ice beast completely misses you.
Unknown command.
You barely miss the ice beast.
The ice beast is severely wounded.
Unknown command.
You hit the ice beast but do no damage.
The ice beast is severely wounded.
Your transformation has ended.
The ice beast hits you. The ice beast freezes you!
* * * LOW HITPOINT WARNING * * *
Unknown command.
Okay, then.
There is an open door here.
There is an open door here.
Press: ? - help, v - describe, . - travel
Here: an ice beast (severely wounded)
The floor.
The ice beast closely misses you.
Found a scroll of teleportation.
Casting: Spider Form (dangerous; 14% risk of failure)
Confirm with . or Enter, or press ? or * to list all spells.
The spell is extremely dangerous to miscast (52% risk of failure)!
Continue anyway?
You miscast Ice Form.
You are very lightly contaminated with residual magic.
Nothing appears to happen.
The ice beast hits you.
* * * LOW HITPOINT WARNING * * *
The ice beast freezes you.
* * * LOW HITPOINT WARNING * * *
Unknown command.
It was a potion of curing.
You feel better.
Unknown command.
The ice beast hits you.
* * * LOW HITPOINT WARNING * * *
The ice beast freezes you!
You die...

....#..........⌠......
....#.#.#####.....####
......#.# #⌠.>.⌠)..#
......#.# #........#
......#.# #..⌠.....#.#
....###.# #..........#
....# #.# #.##.#.#.#.#
##### #.#.# #...Y#.#.#
#...# #.#.# #...@....#
#...# #.#.# #.#....###
#...# #.#.#........#
#...###.#.#....#....#
....'.......####..#.#
....###.#.######..#..
.#### #...........#...
.# ##....#####.# ...
.# #....#


You could see an ice beast.

Vanquished Creatures
  A phantom (D:4)
  A kobold brigand (D:4)
  A scorpion (D:4)
  A hound (D:4)
  2 orc priests (D:4)
  An iguana (D:4)
  Natasha (thrice) (D:4)
  An orc wizard (D:3)
  A hound skeleton (D:4)
  4 adders
  8 gnolls (D:4)
  A white imp (D:4)
  A dart slug (D:4)
  6 orcs
  5 endoplasms
  A giant cockroach (D:1)
  3 hobgoblins
  A quokka (D:1)
  3 ball pythons
  5 bats
  2 frilled lizards (D:2)
  2 goblins
  6 kobolds
60 creatures vanquished.

Vanquished Creatures (collateral kills)
  An adder (D:3)
  2 ball pythons (D:3)
3 creatures vanquished.

Vanquished Creatures (others)
  9 fungi (D:4)
9 creatures vanquished.

Grand Total: 72 creatures vanquished

Notes
Turn   | Place    | Note
-------+----------+-------------------------------------------
     0 | D:1      | ytrimaz the Octopode Transmuter began the quest for the
                  | Orb.
     0 | D:1      | Reached XP level 1. HP: 13/13 MP: 3/3
   437 | D:1      | Reached XP level 2. HP: 18/18 MP: 5/5
  1040 | D:2      | Reached XP level 3. HP: 18/23 MP: 4/6
  1044 | D:2      | Learned a level 3 spell: Spider Form
  1634 | D:3      | Reached XP level 4. HP: 28/28 MP: 3/7
  2397 | D:3      | Found Zin's Purification Station.
  2401 | D:3      | Found a glowing silver altar of Zin.
  2511 | D:3      | Identified a scroll of acquirement
  2511 | D:3      | Acquired the ring "Imieg" {rElec Will+ Int+2 Dex+3}
  2675 | D:4      | Learned a level 4 spell: Ice Form
  3145 | D:4      | Reached skill level 4 in Unarmed Combat
  3145 | D:4      | Reached XP level 5. HP: 32/33 MP: 4/9
  3992 | D:4      | Reached XP level 6. HP: 27/38 MP: 6/10
  4208 | D:4      | Noticed Natasha
  4215 | D:4      | Killed Natasha
  4777 | D:4      | Reached skill level 1 in Poison Magic
  5073 | D:4      | Noticed Natasha
  5081 | D:4      | Killed Natasha
  5082 | D:4      | Reached XP level 7. HP: 27/43 MP: 8/12
  5154 | D:4      | Reached skill level 5 in Unarmed Combat
  5446 | D:4      | Gained mutation: You are strong-willed. (Will+) [potion of
                  | mutation]
  5446 | D:4      | Gained mutation: You possess an exceptional clarity of
                  | mind. [potion of mutation]
  5675 | D:4      | Noticed Natasha
  5681 | D:4      | Killed Natasha
  5891 | D:5      | Entered Level 5 of the Dungeon
  5948 | D:5      | Found a staircase to the Ecumenical Temple.
  6005 | D:5      | HP: 2/43 [ice beast (5)]
  6011 | D:5      | Slain by an ice beast

Illustrated notes

Levels and vault maps discovered:
D:1:      lightli_arrival_lavapool, layout_loops_ring
D:2:      layout_basic
D:3:      layout_loops_ring, zin_purify, minmay_between
D:4:      layout_loops_ring, serial_aquarium, aquarium_bridge_square
          [aquarium_subvault_bridge, aquarium_subvault_window,
          aquarium_subvault_wall, aquarium_subvault_balcony],
          aquarium_bridge_square [aquarium_subvault_bridge,
          aquarium_subvault_balcony, aquarium_subvault_bridge,
          aquarium_subvault_wall], aquarium_window_1, aquarium_window_fake,
          aquarium_window_3, aquarium_view_2f, aquarium_view_2d,
          aquarium_pool_corner, uniq_natasha
D:5:      layout_basic, kiku_gazebo_garden_becter, temple_fountains

Skill      XL: |  1  2  3  4  5  6  7 |
---------------+----------------------+-----
Transmutations | 3 4 |  4.4
Unarmed Combat | 4 5 |  5.3
Spellcasting   | 3 |  3.6
Dodging        | 3 |  3.6
Poison Magic   | 1 |  1.6
Fighting       | |  1.0
Ice Magic      | |  0.2

Action                   |  1- 3 |  4- 6 |  7- 9 || total
-------------------------+-------+-------+-------++-------
Melee: Unarmed           |    45 |   134 |    38 ||   217
       Tentacles         |     7 |    10 |       ||    17
       Constrict         |     7 |    13 |     1 ||    21
       Punch             |     1 |     2 |       ||     3
       Kick              |     1 |     1 |       ||     2
 Cast: Beastly Appendage |     5 |     2 |     1 ||     8
       Spider Form       |     1 |     7 |     3 ||    11
       Ice Form          |       |     1 |       ||     1
  Use: Scroll            |     4 |     7 |       ||    11
       Potion            |       |       |     6 ||     6
 Stab: Sleeping          |     5 |     3 |       ||     8
Armor: Skin              |    12 |     7 |     3 ||    22
Dodge: Dodged            |    30 |    89 |    23 ||   142

Table legend: (Time is in decaauts)
 A = Elapsed time spent in this place.
 B = Non-inter-level travel time spent in this place.
 C = Inter-level travel time spent in this place.
 D = Time resting spent in this place.
 E = Time spent auto-exploring this place.
 F = Levels seen in this place.
 G = Mean time per level.
                   A        B        C        D        E       F      G
               +--------+--------+--------+--------+--------+-----+--------+
         Total |   5978 |   5810 |    168 |   1284 |   3855 |   5 | 1195.6 |
       Dungeon |   5978 |   5810 |    168 |   1284 |   3855 |   5 | 1195.6 |
               +--------+--------+--------+--------+--------+-----+--------+

Top non-repeatable levels by time:
     D:4: 2501 daAuts
     D:3: 1819 daAuts
     D:2: 876 daAuts
     D:1: 662 daAuts
     D:5: 118 daAuts
